 Dungeon Crawl Stone Soup version 0.17.0-23-g0de4337 (webtiles) character file.

201 Gravenous the Poker (level 5, -3/32 HPs)
             Began as a Tengu Chaos Knight on Nov 14, 2015.
             Slain by a black bear (4 damage)
             ... on level 4 of the Dungeon.
             The game lasted 00:03:40 (3310 turns).

Gravenous the Poker (Tengu Chaos Knight)            Turns: 3310, Time: 00:03:41

Health: -3/32      AC:  5    Str: 12    XL:     5   Next: 79%
Magic:  6/6        EV: 23    Int: 13    God:    Xom [......]
Gold:   274        SH:  0    Dex: 19    Spells: 0 memorised, 4 levels left

rFire  . . .     SeeInvis .     a - +0 spear (chaos)
rCold  . . .     Clarity  .     b - +2 leather armour
rNeg   . . .     SustAt   .     (no shield)
rPois  .         Gourm    .     (helmet restricted)
rElec  .         Spirit   .     (no cloak)
rCorr  .         Warding  .     (no gloves)
rMut   .         Stasis   .     (boots unavailable)
MR     .....                    (no amulet)
Stlth  ++........               (no ring)
                                e - +5 ring of evasion

@: agile, not resistant to hostile enchantments, unstealthy
A: beak, talons 3, able to fly 1
a: Fly, Renounce Religion


You were on level 4 of the Dungeon.
You worshipped Xom.
You were a very special plaything of Xom.
You were not hungry.

You visited 1 branch of the dungeon, and saw 4 of its levels.

You collected 274 gold pieces.

Inventory:

Hand Weapons
 a - a +0 spear of chaos (weapon)
Armour
 b - a +2 leather armour (worn)
Jewellery
 e - a +5 ring of evasion (left hand)
 p - an uncursed ring of flight {unknown}
Scrolls
 d - 6 scrolls of identify {unknown}
 f - a scroll of immolation {unknown}
 g - 4 scrolls of remove curse {unknown}
 n - a scroll of magic mapping {unknown}
Potions
 h - 3 potions of poison {unknown}
 i - a potion of heal wounds {unknown}
 j - a potion of ambrosia {unknown}
 l - 2 potions of agility
Comestibles
 c - 4 bread rations
 k - a slice of pizza
 m - 2 meat rations
 o - a beef jerky
 q - 4 fruits
 r - 3 chunks of flesh


   Skills:
 - Level 3.0 Fighting
 * Level 6.0 Polearms
 - Level 2.1 Armour
 + Level 3.3 Dodging


You had 4 spell levels left.
You didn't know any spells.

Dungeon Overview and Level Annotations

Branches:
Dungeon (4/15)
 Temple: D:4-7

Altars:
Ashenzari
Fedhas
Makhleb
Qazlal


Innate Abilities, Weirdness & Mutations

You have a beak for a mouth.
You have claws for feet.
You can fly.


Message History

The black bear misses you.
You hit the black bear.
The black bear seems to speed up.
You claw the black bear, but do no damage.
The black bear is heavily wounded.
The black bear barely misses you. The black bear closely misses you.
The black bear misses you.
You hit the black bear but do no damage.
Your kick misses the black bear. You peck the black bear.
The black bear is heavily wounded.
The black bear closely misses you. The black bear claws you.
* * * LOW HITPOINT WARNING * * *
The black bear barely misses you.
Unknown command.
You hit the black bear.
You claw the black bear, but do no damage.
You peck the black bear.
The black bear is almost dead.
The black bear closely misses you. The black bear completely misses you.
The black bear claws you.
You die...

.. #. #### #.
#..### #.##
#....#########
#..#
##............
..#
##...........
#h##
#########...
#@.# #..#
##.## #..#
##.##### ##.#
##)...## #.#
###...## #.#
###(.## #..
##..## ##.
##..## #.
##..####.


You could see a black bear.

Vanquished Creatures
  A centaur (D:4)
  A gnoll (shapeshifter) (D:3)
  5 adders
  2 worms (D:2)
  A giant gecko (D:3)
  10 orcs
  5 bats
  3 giant cockroaches
  5 goblins
  3 hobgoblins
  4 jackals
  2 quokkas
  A giant newt (D:2)
  5 kobolds
  4 rats
52 creatures vanquished.

Notes
Turn   | Place    | Note
--------------------------------------------------------------
     0 | D:1      | Gravenous the Tengu Chaos Knight began the quest for the Orb.
     0 | D:1      | Reached XP level 1. HP: 14/14 MP: 2/2
   365 | D:1      | XOM is BORED!
   365 | D:1      | XOM: harmless Air miscast
   601 | D:1      | Reached XP level 2. HP: 16/19 MP: 3/3
   693 | D:1      | XOM: colour smoke trail
   830 | D:2      | Found a shattered altar of Ashenzari.
   937 | D:2      | Found a blossoming altar of Fedhas.
  1010 | D:2      | Reached skill level 4 in Polearms
  1103 | D:2      | Found a burning altar of Makhleb.
  1183 | D:2      | Found a stormy altar of Qazlal.
  1217 | D:2      | Reached XP level 3. HP: 23/23 MP: 4/4
  1268 | D:2      | XOM: divination: magic mapping
  1622 | D:2      | XOM: divination: detect creatures
  1660 | D:2      | Reached XP level 4. HP: 21/28 MP: 5/5
  1957 | D:2      | Reached skill level 5 in Polearms
  2395 | D:3      | XOM: stat loss: -1 Dex (13/14)
  2909 | D:4      | Noticed a centaur
  2914 | D:4      | XOM: harmless Fire miscast
  2918 | D:4      | XOM: noise
  2922 | D:4      | Killed a centaur
  2922 | D:4      | Gained mutation: You can fly. [Tengu growth]
  2922 | D:4      | Reached XP level 5. HP: 24/32 MP: 6/6
  3287 | D:4      | Reached skill level 6 in Polearms
  3297 | D:4      | Noticed a black bear
  3300 | D:4      | XOM: enchant monster (bad)
  3309 | D:4      | HP: 1/32 [black bear (1)]
  3310 | D:4      | Slain by a black bear

Action                   |  1- 3 |  4- 6 || total
-------------------------+-------+-------++-------
Melee: Spear             |    99 |   136 ||   235
  Use: Potion            |       |     1 ||     1
 Stab: Paralysed         |     1 |       ||     1
       Sleeping          |       |     2 ||     2
       Petrified         |       |     1 ||     1
  Eat: Chunk             |     2 |     6 ||     8
